 Dungeon Crawl Stone Soup version 0.25.1-2-g60ff931df9 (webtiles) character file.

Game seed: 2007874980673663967

320 Curus the Slasher (level 6, -4/70 HPs)
             Began as a Demonspawn Berserker on Nov 13, 2020.
             Was a Priest of Trog.
             Slain by an ogre
             ... wielding a +0 giant spiked club
              (9 damage)
             ... on level 4 of the Dungeon.
             The game lasted 00:13:45 (3056 turns).

Curus the Slasher (Demonspawn Berserker)            Turns: 3056, Time: 00:13:46

Health: -4/70      AC: 11    Str: 17    XL:     6   Next: 22%
Magic:  6/6        EV:  9    Int:  9    God:    Trog [***...]
Gold:   211        SH:  0    Dex: 14    Spells: 5/5 levels left

rFire    . . .     SeeInvis .   a - +0 falchion
rCold    . . .     Gourm    .   (no shield)
rNeg     . . .     Faith    .   f - +0 chain mail
rPois    .         Spirit   .   (no helmet)
rElec    .         Reflect  .   k - +2 cloak
rCorr    .         Harm     .   (no gloves)
MR       .....                  (no boots)
Stlth    ..........             (no amulet)
HPRegen  0.21/turn              (no ring)
MPRegen  0.10/turn              (no ring)

@: berserking, very quick
A: powered by death 1, sturdy frame 2
a: Berserk, Trog's Hand, Renounce Religion


You were on level 4 of the Dungeon.
You worshipped Trog.
Trog was most pleased with you.
You were near starving.

You visited 1 branch of the dungeon, and saw 4 of its levels.

You collected 211 gold pieces.

Inventory:

Hand Weapons
 a - a +0 falchion (weapon)
Armour
 b - a +0 animal skin
 d - a +1 ring mail
 f - a +0 chain mail (worn)
 k - a +2 cloak (worn)
Scrolls
 g - a scroll of blinking
 h - a scroll of remove curse
 i - 2 scrolls of identify
 l - a scroll of teleportation
Potions
 e - 2 potions of heal wounds
 m - a potion of curing
Comestibles
 c - 5 rations


   Skills:
 - Level 3.0 Fighting
 + Level 6.4 Long Blades
 - Level 1.7 Armour
 - Level 1.7 Dodging


You had 5 spell levels left.
You didn't know any spells.
Your spell library was empty.

Dungeon Overview and Level Annotations

Branches:
Dungeon (4/15)
 Temple: D:4-7

Altars:
Hepliaklqana
Uskayaw
Wu Jian


Innate Abilities, Weirdness & Mutations

You regenerate a little health from kills.
Your movements are less encumbered by armour. (ER -4)


Message History

You hit the ogre.
The ogre is lightly wounded.
You hit the ogre but do no damage.
The ogre is lightly wounded.
The ogre completely misses you.
You riposte.
You hit the ogre.
The ogre is moderately wounded.
You completely miss the ogre.
The ogre is moderately wounded.
The ogre hits you with a +0 giant spiked club!!
You hit the ogre.
The ogre is heavily wounded.
A red film seems to cover your vision as you go berserk!
You feel yourself moving faster!
You feel mighty!
You are near starving!
The ogre hits you with a +0 giant spiked club!!
* * * LOW HITPOINT WARNING * * *
You slash the ogre!
The ogre is almost dead.
The ogre hits you with a +0 giant spiked club!
You die...

..........
.#............####
.#...............#
.................. #.
................. ##...
.............?... ......
.#..........##..##......
#...............O....#
..........[..#..@##..##
............<...........
...###########....##....
...#######.....#...# .#
...........#######.#
...######### .# ...# ..
...# #.. ...# ..


You could see an ogre.

Vanquished Creatures
  An ogre (D:4)
  A scorpion (D:4)
  A hound zombie (D:3)
  A worker ant zombie (D:3)
  8 adders
  A shadow imp (D:3)
  3 dart slugs
  5 leopard geckos
  5 orcs (D:3)
  3 ball pythons (D:3)
  2 giant cockroaches
  4 goblins
  12 hobgoblins
  5 jackals
  6 bats
  4 frilled lizards
  7 kobolds
  A leopard gecko zombie (D:3)
  A quokka zombie (D:3)
  2 rats (D:3)
73 creatures vanquished.

Notes
Turn   | Place    | Note
-------+----------+-------------------------------------------
     0 | D:1      | Curus the Demonspawn Berserker began the quest for the Orb.
     0 | D:1      | Reached XP level 1. HP: 18/18 MP: 1/1
   139 | D:1      | Reached skill level 3 in Long Blades
   263 | D:1      | Gained mutation: Your movements are slightly less
                  | encumbered by armour. (ER -2) [demonic ancestry]
   263 | D:1      | Reached XP level 2. HP: 23/24 MP: 2/2
  1112 | D:2      | Reached XP level 3. HP: 19/29 MP: 3/3
  1191 | D:2      | Reached skill level 4 in Long Blades
  1528 | D:2      | Gained mutation: You regenerate a little health from kills.
                  | [demonic ancestry]
  1528 | D:2      | Reached XP level 4. HP: 35/35 MP: 4/4
  1593 | D:2      | Reached ** piety under Trog
  1854 | D:3      | Reached skill level 5 in Long Blades
  1970 | D:3      | Reached XP level 5. HP: 37/41 MP: 5/5
  2067 | D:3      | Found a hide-covered altar of Uskayaw.
  2451 | D:3      | Found a hazy altar of Hepliaklqana.
  2517 | D:3      | Reached *** piety under Trog
  2634 | D:3      | Found an ornate altar of the Wu Jian Council.
  2700 | D:4      | Noticed an ogre
  2713 | D:4      | Killed an ogre
  2713 | D:4      | Reached skill level 6 in Long Blades
  2993 | D:4      | Gained mutation: Your movements are less encumbered by
                  | armour. (ER -4) [demonic ancestry]
  2993 | D:4      | Reached XP level 6. HP: 46/47 MP: 6/6
  3056 | D:4      | Slain by an ogre

Illustrated notes

Levels and vault maps discovered:
D:1:      dpeg_chamrin_arrival_tetris, layout_basic, serial_bayou_pond_d,
          chequers_decorated_corner, minmay_quantized
D:2:      layout_loops_cross
D:3:      layout_rooms, lemuel_round_altar, eat_drink_and_be_merry_uskayaw,
          marbit_many_paths, serial_undead, serial_undead_e, serial_undead_c,
          serial_undead_b, serial_undead_f, serial_undead_f, serial_undead_a,
          serial_undead_a, serial_undead_f, first_ration
D:4:      layout_rooms, nemelex_altar_shiori, nicolae_dithmenos_shadow_blocks,
          uniq_pikel, uniq_natasha

Skill      XL: |  1  2  3  4  5 |
---------------+----------------+-----
Long Blades    | 3 4 5 6 |  6.4
Fighting       | |  3.0
Armour         | |  1.7
Dodging        | |  1.7

Action                   |  1- 3 |  4- 6 || total
-------------------------+-------+-------++-------
Melee: Falchion          |    95 |   192 ||   287
Invok: Berserk           |       |     3 ||     3
  Use: Scroll            |     7 |       ||     7
       Potion            |     5 |     1 ||     6
  Eat: Chunk             |     2 |     6 ||     8
Armor: Ring mail         |    17 |       ||    17
       Chain mail        |    24 |   134 ||   158
Dodge: Dodged            |    45 |   112 ||   157
       Rpst.: Falchion   |    18 |    35 ||    53
